 Dungeon Crawl Stone Soup version 0.29.0-11-gd7f09526c8 (webtiles) character file.

Game seed: 14115850480897165457

6336 greenreed the Thaumaturge (level 10, -6/66 (72) HPs)
             Began as a Grey Draconian Earth Elementalist on Sept 5, 2022.
             Was a Follower of Hepliaklqana.
             Mangled by a vampire (9 damage)
             ... on level 9 of the Dungeon.
             The game lasted 00:25:27 (8474 turns).

greenreed the Thaumaturge (DrEE)                    Turns: 8474, Time: 00:25:27

HP:   -6/66 (72)    AC: 15    Str: 11    XL:     10   Next: 64%
MP:   35/35         EV: 12    Int: 20    God:    Hepliaklqana [*.....]
Gold: 175           SH:  0    Dex: 11    Spells: 28/34 levels left

rFire   . . .      SeeInvis .   t - +0 whip (elec)
rCold   . . .      Faith    +   (no shield)
rNeg    . . .      Spirit   .   (body armour unavailable)
rPois   .          Reflect  .   (helmet restricted)
rElec   .          Harm     .   C - scarf {+Inv}
rCorr   .          Rampage  .   i - +1 pair of gloves
Will    .....                   q - +0 pair of boots
Stlth   ++........              d - amulet of faith
HPRegen 0.21/turn               y - ring of magical power
MPRegen 0.24/turn               (no ring)

@: slowed, drained, very slow
A: reduced essence, AC +12, amphibious, unfitting armour, cold-blooded
a: Renounce Religion, Evoke Invisibility, Recall Ancestor, Ancestor Identity


You were on level 9 of the Dungeon.
You worshipped Hepliaklqana.
Hepliaklqana was aware of your devotion.
You visited 2 branches of the dungeon, and saw 10 of its levels.
You also visited: Ossuary.

You collected 383 gold pieces.
You spent 208 gold pieces at shops.

Inventory:

Hand Weapons
 t - a +0 whip of electrocution (weapon)
 J - a +1 falchion of holy wrath
 L - a +0 trident
Missiles
 A - 3 poisoned darts
Armour
 i - a +1 pair of gloves (worn)
 q - a +0 pair of boots (worn)
 C - a scarf of invisibility (worn)
 E - a +2 cloak
Jewellery
 c - an amulet of regeneration
 d - an amulet of faith (around neck)
 k - an amulet of guardian spirit
 y - a ring of magical power (left hand)
Wands
 x - a wand of paralysis (7)
 F - a wand of flame (7)
Scrolls
 b - 2 scrolls of noise
 f - a scroll of summoning {unknown}
 g - a scroll of vulnerability {unknown}
 j - 3 scrolls of butterflies {unknown}
 m - 5 scrolls of teleportation
 o - 3 scrolls of fear
 p - a scroll of enchant weapon
 r - 3 scrolls of torment
 v - 2 scrolls of enchant armour {unknown}
 z - a scroll of poison {unknown}
 B - 2 scrolls of blinking {unknown}
 K - a scroll of identify
Potions
 a - a potion of magic
 e - 3 potions of ambrosia
 h - 2 potions of invisibility {unknown}
 l - 2 potions of might {unknown}
 n - a potion of lignification
 s - 3 potions of curing
 u - 2 potions of brilliance {unknown}
 w - a potion of attraction {unknown}
 D - a potion of degeneration {unknown}
 G - 2 potions of heal wounds {unknown}
 H - 2 potions of mutation {unknown}
 I - 3 potions of cancellation {unknown}


   Skills:
 - Level 5.0 Fighting
 + Level 0.2 Maces & Flails
 + Level 2.7 Dodging
 + Level 2.3 Stealth
 + Level 0.2 Unarmed Combat
 * Level 12.6 Spellcasting
 + Level 1.0 Transmutations
 - Level 9.0 Earth Magic


You had 28 spell levels left.
You knew the following spells:

 Your Spells              Type           Power      Damage    Failure   Level
a - Sandblast             Erth           96%        2d20      1%          1
b - Passwall              Tmut/Erth      26%        N/A       1%          2
c - Stone Arrow           Conj/Erth      60%        3d10      2%          3

Your spell library contained the following spells:

 Spells                   Type           Power      Damage    Failure   Level
 Petrify                  Tmut/Erth      32%        N/A       7%          4
 Ensorcelled Hibernation  Hex/Ice        24%        N/A       9%          2
 Static Discharge         Conj/Air       12%        3-5/arc   9%          2
 Leda's Liquefaction      Hex/Erth       15%        N/A       9%          4
 Call Canine Familiar     Summ           12%        N/A       16%         3
 Portal Projectile        Hex/Tloc       24%        N/A       16%         3
 Swiftness                Air            12%        N/A       16%         3
 Borgnjor's Vile Clutch   Necr/Erth      15%        N/A       24%         5
 Animate Dead             Necr           12%        N/A       47%         4
 Dispel Undead            Necr           12%        3d9       47%         4
 Sticky Flame             Conj/Fire      12%        2d4       47%         4
 Death Channel            Necr           6%         N/A       100%        6


Dungeon Overview and Level Annotations

Branches:
Dungeon (9/15)             Temple (1/1) D:5            Lair (0/5) D:8
Ossuary (visited)
    Orc: D:9-12

Altars:
Ashenzari
Cheibriados
Dithmenos
Fedhas
Gozag
Hepliaklqana
Kikubaaqudgha
Makhleb
Nemelex Xobeh
Okawaru
Qazlal
Ru
Sif Muna
Trog
Uskayaw
Xom
Yredelemnul
Zin
The Shining One

Shops:
D:5 =[   D:9 *

Annotations:
D:6 exclusion: door
D:8 Erica


Innate Abilities, Weirdness & Mutations

Your life essence is reduced to manifest your ancestor. (-10% HP)
Your dull iron-grey scales are very hard. (AC +12)
You are amphibious.
You cannot fit into any form of body armour.
You are cold-blooded and may be slowed by cold attacks.


Message History

You feel yourself slow down. The wight freezes you.
* * * LOW HITPOINT WARNING * * *
You hear a croak.
You hear a loud, deep croak!
You hear a shout!
You hear a horrible gurgling sound!
You hear an angry hiss.
You hear a shout!
Something hits you but does no damage.
Psammuthes barely misses something.
The howler monkey attacks as you move away!
The howler monkey hits you.
* * * LOW HITPOINT WARNING * * *
You feel yourself speed up.
The centaur shoots an arrow.
Reactivating autopickup.
You feel a bit more experienced.
The howler monkey hoots and howls with incredible vigour! x2
The wight hits you from afar with a +4 halberd of freezing.
* * * LOW HITPOINT WARNING * * *
The wight freezes you.
* * * LOW HITPOINT WARNING * * *
You hear a shout!
You hear a loud, deep croak!
You hear a shout! x2
You hear a bellow! x2
You feel better. The howler monkey misses you.
The wight hits you from afar with a +4 halberd of freezing.
* * * LOW HITPOINT WARNING * * *
You feel drained.
* * * LOW HITPOINT WARNING * * *
You feel yourself slow down. The wight freezes you.
* * * LOW HITPOINT WARNING * * *
Psammuthes hits the wight!
Unknown command.
You feel better.
The howler monkey hoots and howls with incredible vigour! x2
The wight closely misses you. Something hits you.
* * * LOW HITPOINT WARNING * * *
Deactivating autopickup; reactivate with Ctrl-A.
Something bites you but does no damage.
Psammuthes hits the wight.
The howler monkey closely misses you.
You hear a shout!
You hear a croak.
You hear a bellow!
You hear a shout!
Something hits you.
* * * LOW HITPOINT WARNING * * *
Something bites you!
You die...

.......##.... ....<....###
##.[.......###
.....†...)...###
..###...##.....### #.
#.#.###......######## .
#...###...........#.#
.###....#.>..{......# #.
#.#....##@hzR...# ♣ .#
#...[.####K.c...# .
.#.#..###.## ###)...## . #.#
#.# #.......########h
#..###.# ###+###............
#....###≈~≈~≈#.....###.h..
#.#...##~≈~≈~#..........).
#.....##≈~≈~≈#..h.....#...
#...###..##≈≈~≈≈#............


You could see the friendly Psammuthes the ancestor, a kobold brigand, a centaur,
a howler monkey (catching breath) and a wight (ally target).

Vanquished Creatures
  Psyche (D:8)
  Maggie (D:6)
  A troll (D:6)
  Grinder (D:6)
  3 yaks (D:8)
  Grum (D:8)
  2 steam dragons
  2 acid dragons
  Duvessa (D:7)
  3 orc warriors
  2 ice beasts
  A sky beast (D:6)
  2 black bears
  An ogre (D:6)
  3 wolves (D:8)
  2 centaurs
  2 phantoms (D:6)
  Blork the orc (D:6)
  3 bullfrogs
  2 scorpions (D:6)
  4 water moccasin zombies (Ossuary)
  5 necrophages
  5 wights
  Dowan (D:7)
  4 killer bees (D:7)
  3 electric eels (D:6)
  3 hounds (D:5)
  6 orc priests
  4 jellies
  Crazy Yiuf (D:6)
  Natasha (twice) (D:2)
  2 iguanas
  9 orc wizards
  2 mummies (Ossuary)
  A gnoll (D:4)
  9 adders
  A shadow imp (D:7)
  3 white imps
  An ufetubus (D:6)
  An adder zombie (Ossuary)
  A worm (D:5)
  A dart slug (D:1)
  25 orcs
  7 bats
  11 endoplasms
  4 giant cockroaches
  2 gnoll zombies (Ossuary)
  12 goblins
  12 hobgoblins
  9 jackals
  12 kobolds
  7 quokkas
  12 ball pythons
  2 frilled lizards (D:2)
  8 hobgoblin zombies (Ossuary)
  5 kobold zombies (Ossuary)
  4 orc zombies (Ossuary)
  4 rats
240 creatures vanquished.

Vanquished Creatures (collateral kills)
  A yak (D:9)
  2 wights
  A howler monkey (D:9)
  5 orcs
9 creatures vanquished.

Vanquished Creatures (others)
  3 ancestors (D:8)
  An orc wizard (D:9)
  4 fungi (D:2)
  7 plants
15 creatures vanquished.

Grand Total: 264 creatures vanquished

Notes
Turn   | Place    | Note
-------+----------+-------------------------------------------
     0 | D:1      | greenreed the Draconian Earth Elementalist began the quest
                  | for the Orb.
     0 | D:1      | Reached XP level 1. HP: 14/14 MP: 3/3
   207 | D:1      | Reached XP level 2. HP: 22/22 MP: 0/5
   826 | D:1      | Reached XP level 3. HP: 27/27 MP: 1/6
   830 | D:1      | Reached skill level 1 in Fighting
  1488 | D:2      | Reached skill level 3 in Spellcasting
  1538 | D:2      | Reached XP level 4. HP: 35/35 MP: 6/8
  1590 | D:2      | Found a faded altar of an unknown god.
  1839 | D:2      | Noticed Natasha
  1841 | D:2      | Killed Natasha
  1879 | D:2      | Noticed Natasha
  1882 | D:2      | Killed Natasha
  2035 | D:2      | Reached XP level 5. HP: 45/45 MP: 7/10
  2097 | D:2      | You fall into a shaft and drop 2 floors!
  2107 | D:4      | Noticed a black bear
  2696 | D:3      | Found a bloodstained altar of Trog.
  2832 | D:3      | Reached skill level 4 in Spellcasting
  2872 | D:3      | Learned a level 2 spell: Passwall
  2876 | D:3      | Learned a level 3 spell: Stone Arrow
  3179 | D:3      | Reached XP level 6. HP: 48/51 MP: 6/12
  3793 | D:4      | Reached skill level 5 in Spellcasting
  4013 | D:5      | Entered Level 5 of the Dungeon
  4018 | D:5      | Your scales start taking on a dull iron-grey colour.
  4018 | D:5      | Reached skill level 5 in Earth Magic
  4018 | D:5      | Reached XP level 7. HP: 55/57 MP: 14/14
  4259 | D:5      | Found Qisy's Jewellery Shoppe.
  4673 | D:5      | Reached skill level 6 in Spellcasting
  4851 | D:5      | Found a snail-covered altar of Cheibriados.
  4944 | D:5      | Found Suxeim's Antique Armour Shoppe.
  4947 | D:5      | Bought a runed scarf for 208 gold pieces
  5114 | D:5      | Found a staircase to the Ecumenical Temple.
  5123 | Temple   | Entered the Ecumenical Temple
  5153 | Temple   | Became a worshipper of Hepliaklqana the Forgotten
  5342 | D:6      | Reached XP level 8. HP: 66/66 MP: 17/17
  5384 | D:6      | Noticed a troll
  5395 | D:6      | Killed a troll
  5492 | D:6      | Reached skill level 7 in Spellcasting
  5520 | D:6      | HP: 3/66 [electric eel/bolt of electricity (12)]
  5747 | D:6      | Found a sparkling altar of Nemelex Xobeh.
  5747 | D:6      | Found an opulent altar of Gozag.
  5747 | D:6      | Noticed Maggie
  5754 | D:6      | Killed Maggie
  5797 | D:6      | Reached skill level 8 in Spellcasting
  5862 | D:6      | Noticed Grinder
  5864 | D:6      | Paralysed by Grinder for 4 turns
  5870 | D:6      | Paralysed by Grinder for 4 turns
  5878 | D:6      | Killed Grinder
  5879 | D:6      | Reached XP level 9. HP: 71/72 MP: 21/21
  6178 | D:6      | Noticed Blork the orc
  6180 | D:6      | Killed Blork the orc
  6190 | D:6      | Found a runed translucent door.
  6191 | D:6      | Noticed Crazy Yiuf
  6197 | D:6      | Killed Crazy Yiuf
  6463 | D:7      | Reached skill level 5 in Fighting
  6500 | D:7      | Noticed Duvessa
  6516 | D:7      | Killed Duvessa
  6516 | D:7      | Noticed Dowan
  6527 | D:7      | Killed Dowan
  6528 | D:7      | Reached skill level 9 in Spellcasting
  6646 | D:7      | Found a sand-covered staircase.
  6655 | Ossuary  | Entered an ossuary
  6690 | Ossuary  | Reached skill level 10 in Spellcasting
  6882 | Ossuary  | Identified the +3 ring mail of a Thousand Knaves {Drain
                  | Dex+4}
  6948 | D:7      | Reached * piety under Hepliaklqana
  7026 | D:7      | Found a glowing golden altar of the Shining One.
  7404 | D:7      | Reached XP level 10. HP: 72/72 MP: 24/24
  7549 | D:8      | Reached skill level 11 in Spellcasting
  7565 | D:8      | Found a staircase to the Lair.
  7809 | D:8      | Noticed Psyche
  7813 | D:8      | Killed Psyche
  7875 | D:8      | Noticed Grum
  7919 | D:8      | Noticed Erica
  7920 | D:8      | Killed Grum
  8199 | D:8      | Reached skill level 12 in Spellcasting
  8435 | D:9      | Found Ownarac's Elemental Accessories.
  8471 | D:9      | HP: 3/68 [wight/+4 halberd of freezing (1)]
  8472 | D:9      | HP: 1/66 [wight/+4 halberd of freezing (1)]
  8474 | D:9      | Mangled by a vampire

Illustrated notes

Levels and vault maps discovered:
D:1:      ncdulo_smallfort, layout_basic
D:2:      minmay_chambers_of_ones, layout_loops_ring,
          shapermc_ecumenical_altar_mp_urbaneastern, minmay_pentomino_s4,
          uniq_natasha
D:3:      layout_rooms, mainiacjoe_overflow_surrounded_room,
          wad_floor_pattern_1, kennysheep_orc_chapel
D:4:      minmay_chambers_of_threes, layout_cave_pools, nrook_campfire
D:5:      layout_layer_cave, slow_altar_2, lemuel_temple_firewalk_b,
          serial_shops, nicolae_diamond_shop, kennysheep_mini_moat
D:6:      cheibrodos_two_vegetables, layout_loops_ring,
          grunt_temple_overflow_opulence, uniq_maggie, uniq_grinder,
          uniq_crazy_yiuf_cottage, uniq_blork_the_orc
D:7:      layout_gridville, mainiacjoe_overflow_chevrons,
          nicolae_ossuary_entry_monument, uniq_duvessa
D:8:      layout_loops_cross, lair_entry_dummy, uniq_erica, uniq_grum,
          uniq_psyche
D:9:      nzn_winding_woodlands_stair_cross
          [nzn_winding_woodlands_5x15_concentric,
          nzn_winding_woodlands_center_pierced_h,
          nzn_winding_woodlands_5x15_pool,
          nzn_winding_woodlands_5x5_closed_star,
          nzn_winding_woodlands_5x5_default,
          nzn_winding_woodlands_5x15_sawtooth,
          nzn_winding_woodlands_center_triple_pond,
          nzn_winding_woodlands_5x15_parted], layout_cave_pods,
          mainiacjoe_overflow_alcove_4, mainiacjoe_overflow_catwalk_spiral,
          hangedman_decor_lopped, palyth_stone_intersect, library_closet,
          nicolae_elemental_shop, chequers_serial_rivers_room_b,
          minmay_starry_boxes
Temple:   nicolae_temple_ecumenical_triangle

Skill      XL: |  1  2  3  4  5  6  7  8  9 10 |
---------------+-------------------------------+-----
Dodging        | 2 |  2.7
Fighting       | 1 3 4 5 |  5.0
Spellcasting   | 3 4 5 6 8 10 12 | 12.6
Earth Magic    | 5 6 8 9 |  9.0
Stealth        | 2 |  2.3
Maces & Flails | |  0.2
Unarmed Combat | |  0.2
Transmutations | |  1.0

Action                   |  1- 3 |  4- 6 |  7- 9 | 10-12 || total
-------------------------+-------+-------+-------+-------++-------
Melee: Unarmed           |    27 |       |       |       ||    27
       Tailslap          |     1 |       |       |       ||     1
       Whip              |       |       |    12 |       ||    12
 Cast: Sandblast         |    52 |   123 |   182 |    85 ||   442
       Passwall          |       |       |       |     3 ||     3
  Use: Scroll            |       |       |     8 |       ||     8
       Potion            |       |       |       |     2 ||     2
Armor: Skin              |    22 |    39 |    46 |    27 ||   134
Dodge: Dodged            |    32 |    63 |    58 |    55 ||   208
